 Dungeon Crawl Stone Soup version 0.30-b1-2-g02819fbbbe (webtiles) character file.

Game seed: 2296532525484250264

5219 ketsa the Thaumaturge (level 10, 0/75 HPs)
             Began as a Djinni Fire Elementalist on May 9, 2023.
             Was a Priest of Makhleb.
             Killed by the air
             ... invoked by Gastronok
              (43 damage)
             ... on level 9 of the Dungeon.
             The game lasted 01:17:41 (11978 turns).

ketsa the Thaumaturge (Djinni Fire Elementalist)   Turns: 11978, Time: 01:17:42

Health: 0/75       AC:  7    Str:  7    XL:     10   Next: 92%
Gold:   637        EV: 13    Int: 21    God:    Makhleb [***...] SH:  5 Dex: 14

rFire   + + .        b - +2 dagger (venom)
rCold   x . .        m - +0 buckler
rNeg    + . .        A - +1 troll leather armour
rPois   ∞            a - +1 helmet
rElec   .            (no cloak)
rCorr   +            (no gloves)
SInv    .            (boots unavailable)
Will    +....        l - amulet of faith
Stlth   ++           E - ring of positive energy
HPRegen 1.12/turn    q - ring of resist corrosion
MPRegen 0.00/turn

%: faith, infuse magic (-1 HP)
@: flying
A: sickness immunity, fire resistance 2, cold vulnerability 1, float, innate
caster, HP casting, extra vitality 1
a: Renounce Religion, Minor Destruction, Lesser Servant of Makhleb


You were on level 9 of the Dungeon.
You worshipped Makhleb.
Makhleb was most pleased with you.
You visited 3 branches of the dungeon, and saw 12 of its levels.
You also visited: Sewer.

You collected 637 gold pieces.

Inventory:

Hand Weapons
 b - a +2 dagger of venom (weapon)
 B - a +3 great sword of electrocution
Missiles
 v - 2 throwing nets
 w - 2 datura-tipped darts
Armour
 a - a +1 helmet (worn)
 e - a +0 robe
 m - a +0 buckler (worn)
 A - a +1 troll leather armour (worn)
Jewellery
 l - an amulet of faith (around neck)
 q - a ring of resist corrosion (right hand)
 s - a ring of fire
 u - a ring of willpower
 y - a +6 ring of strength
 E - a ring of positive energy (left hand)
Wands
 f - a wand of iceblast (5)
 t - a wand of charming (22)
Scrolls
 c - 2 scrolls of poison
 g - 5 scrolls of fog
 i - 8 scrolls of teleportation
 k - 3 scrolls of fear
 p - a scroll of brand weapon
 x - a scroll of enchant weapon
Potions
 d - 2 potions of berserk rage
 h - a potion of might
 n - 3 potions of brilliance
 o - 3 potions of curing
 r - a potion of heal wounds
 z - a potion of mutation
 D - a potion of attraction


   Skills:
 + Level 7.6 Fighting
 + Level 0.7 Short Blades
 + Level 0.0 Armour
 - Level 5.9 Dodging
 - Level 1.8 Stealth
 - Level 5.0 Shields
 + Level 8.1 Spellcasting
 - Level 3.2 Invocations
 - Level 3.1 Evocations


You knew the following spells:

 Your Spells              Type           Power      Damage    Failure   Level
a - Foxfire               Conj/Fire      100%       2x1d9     1%          1
b - Scorch                Fire           84%        2d8       1%          2
c - Volatile Blastmotes   Fire/Tloc      84%        2d17      1%          3
d - Inner Flame           Hex/Fire       42%        N/A       1%          3
e - Flame Wave            Conj/Fire      42%        2d11      6%          4
f - Magic Dart            Conj           100%       1d8       1%          1
g - Ensorcelled Hibernat  Hex/Ice        84%        N/A       1%          2
h - Portal Projectile     Hex/Tloc       84%        N/A       1%          3
i - Summon Guardian Gole  Hex/Summ       42%        N/A       1%          3
Your spell library was empty.

Dungeon Overview and Level Annotations

Branches:
Dungeon (10/15)            Temple (1/1) D:5            Lair (1/5) D:8
  Sewer (visited)
    Orc: D:9-12

Altars:
Ashenzari
Cheibriados
Dithmenos
Elyvilon
Fedhas
Gozag
Hepliaklqana
Makhleb
Nemelex Xobeh
Okawaru
Qazlal
Ru
Trog
Uskayaw
Wu Jian
Xom
Yredelemnul
Zin
The Shining One

Shops:
D:5 :   D:7 =

Annotations:
D:4 1 exclusion
D:6 3 runed translucent doors, Nattefrost's ghost, novice MfWn
D:7 1 exclusion
D:8 exclusion: downstairs
D:9 2 transporters, exclusion: downstairs, Gastronok; kSektR's ghost, journeyman TrBe


Innate Abilities, Weirdness & Mutations

You are immune to sickness and miasma.
You are immune to poison.
Your flesh is very heat resistant. (rF++)
You are vulnerable to cold. (rC-)
You float through the air rather than walking.
You learn spells naturally, not from books.
Your magical power is your life essence.
You have superior vitality. (+4 MHP)


Message History

Flame seeps out of your guardian golem.
Gastronok bites your guardian golem but does no damage.
The rat bites your guardian golem but does no damage.
Your guardian golem is engulfed in blazing flames.
Flame seeps out of your guardian golem.
The rat bites your guardian golem but does no damage.
Gastronok sloshes about.
Gastronok bites your guardian golem!
Your guardian golem disappears in a puff of smoke!
Your guardian golem explodes!
The fiery explosion engulfs Gastronok!!!
The fiery explosion engulfs the rat!!
The rat dies!
The rat's corpse disappears in a puff of smoke!
Casting: Volatile Blastmotes (safe; 1% risk of failure)
Confirm with . or Enter, or press ? or * to list all spells.
A cloud of volatile blastmotes flares up around you!
Gastronok is engulfed in blazing flames.
Gastronok's eyestalks quiver as he mumbles some strange words.
Gastronok is engulfed in blazing flames.
Gastronok waves his eye-stalks in wide circles.
The air twists around and strikes you!!
Gastronok casts a spell.
Gastronok puts on a burst of speed!
Gastronok looks at you and mumbles some strange words.
You barely resist.
Casting: Volatile Blastmotes (safe; 1% risk of failure)
Confirm with . or Enter, or press ? or * to list all spells.
A cloud of volatile blastmotes flares up around you!
Gastronok looks at you while chanting.
You barely resist.
Gastronok waves his eye-stalks in wide circles.
The air twists around and strikes you!!
The cloud of blastmotes explodes!
The concussive blast engulfs Gastronok!!
Gastronok is severely wounded.
Gastronok waves his eye-stalks in wide circles.
The air twists around and strikes you!!!
Ouch! That really hurt!
You die...

###......##...........#..########
.........##......................
.#####...###.#.......#....######.
##...###.'...'..^..............#.
.....©#.#.#.#.......##..####.##.
.#.#...#...#.....................
.#. ...#...<...#.######.#####.###
... .#.##........................
$ ..#.#......#@###.##.....#.... W
#.......§...........#.... W#..
.##.##.###.#####..#.#.#.##.
.#...#.#©.................#.#.##.
. .##..##........#..###...#.#.##.
#...#...#.......§#........#.#.##.
..#....##.#....#.#...####.#.#.##.
.....##.......#w#........#.#.##.
# #####........#.#..####.##.#.##.


You could see Gastronok (swift).

Vanquished Creatures
  2 trolls (D:9)
  A shadow (D:9)
  A steam dragon (D:9)
  2 water moccasins
  2 black bears
  An orc warrior (D:8)
  2 ice beasts
  A sky beast (D:8)
  2 ogres
  2 centaurs
  2 phantoms (D:4)
  A kobold brigand (D:8)
  7 bullfrogs
  2 scorpions (D:5)
  5 wights
  10 killer bees
  4 howler monkeys
  A jelly (D:6)
  4 orc priests
  2 sleepcaps
  2 hounds (D:4)
  Jessica (D:2)
  3 orc wizards
  3 iguanas
  Terence (D:2)
  A hound zombie (D:4)
  A howler monkey zombie (D:4)
  6 gnolls
  14 adders
  2 shadow imps
  4 white imps
  An ufetubus (D:6)
  2 adder zombies (D:4)
  2 adder skeletons (D:4)
  3 worms (D:2)
  A dart slug (D:2)
  23 orcs
  15 endoplasms
  2 giant cockroaches
  6 goblins
  7 hobgoblins
  7 jackals
  2 quokkas
  9 ball pythons
  12 bats
  6 frilled lizards
  15 kobolds
  8 rats
213 creatures vanquished.

Vanquished Creatures (others)
  A wyvern (D:8)
  Pargi (Sewer)
  An orc warrior (D:8)
  A black bear (D:8)
  A kobold brigand (D:8)
  2 bullfrogs (D:8)
  A scorpion (D:8)
  A wight (D:8)
  4 killer bees
  480 foxfires
  7 fungi (D:8)
  14 plants
  6 withered plants (D:4)
520 creatures vanquished.

Grand Total: 733 creatures vanquished

Notes
Turn   | Place    | Note
-------+----------+-------------------------------------------
     0 | D:1      | ketsa the Djinni Fire Elementalist began the quest for the
                  | Orb.
     0 | D:1      | ketsa set off with the following spells memorised: Foxfire,
                  | Scorch, Volatile Blastmotes, Inner Flame, Flame Wave.
     0 | D:1      | Reached XP level 1. HP: 15/15 MP: 0/0
    66 | D:1      | Reached XP level 2. HP: 6/22 MP: 0/0
   157 | D:1      | Found a faded altar of an unknown god.
   531 | D:1      | Reached XP level 3. HP: 26/26 MP: 0/0
   531 | D:1      | Learned a level 1 spell: Magic Dart
   625 | D:1      | Reached skill level 1 in Fighting
  1179 | D:2      | Reached skill level 3 in Spellcasting
  1216 | D:2      | Reached XP level 4. HP: 30/32 MP: 0/0
  1224 | D:2      | Found a basalt altar of Yredelemnul.
  1227 | D:2      | Noticed Jessica
  1233 | D:2      | Killed Jessica
  1365 | D:2      | Noticed Terence
  1599 | D:2      | Reached XP level 5. HP: 38/38 MP: 0/0
  1599 | D:2      | Learned a level 2 spell: Ensorcelled Hibernation
  2122 | D:2      | Killed Terence
  2457 | D:3      | Found an iron altar of Okawaru.
  2796 | D:3      | Reached XP level 6. HP: 44/44 MP: 0/0
  2846 | D:3      | Found a sacrificial altar of Ru.
  3128 | D:5      | Entered Level 5 of the Dungeon
  3128 | D:5      | Found Bysh's Book Emporium.
  3290 | D:4      | Reached skill level 4 in Spellcasting
  3296 | D:4      | Noticed an ice beast
  3383 | D:4      | Found a burning altar of Makhleb.
  3500 | D:4      | Killed an ice beast
  3501 | D:4      | Reached XP level 7. HP: 30/50 MP: 0/0
  3501 | D:4      | Learned a level 3 spell: Portal Projectile
  3729 | D:4      | Found a glowing golden altar of the Shining One.
  4172 | D:5      | Found a white marble altar of Elyvilon.
  4187 | D:5      | Reached skill level 1 in Shields
  4187 | D:5      | Reached skill level 5 in Spellcasting
  4233 | D:5      | Reached XP level 8. HP: 53/58 MP: 0/0
  4396 | D:5      | Found a sparkling altar of Nemelex Xobeh.
  4574 | D:5      | Found a snail-covered altar of Cheibriados.
  4735 | D:5      | Found a staircase to the Ecumenical Temple.
  4747 | Temple   | Entered the Ecumenical Temple
  4868 | D:4      | Became a worshipper of Makhleb the Destroyer
  5637 | D:6      | Found a hazy altar of Hepliaklqana.
  5791 | D:6      | Reached skill level 6 in Spellcasting
  5826 | D:6      | Found a runed translucent gate.
  5826 | D:6      | Found a runed translucent gate.
  5826 | D:6      | Found a runed translucent gate.
  5828 | D:6      | Noticed Nattefrost's ghost (novice MfWn)
  5839 | D:6      | Reached XP level 9. HP: 63/64 MP: 0/0
  5839 | D:6      | Learned a level 3 spell: Summon Guardian Golem
  5868 | D:6      | Found a glowing drain.
  5879 | Sewer    | Entered a sewer
  5907 | Sewer    | Noticed Pargi
  5932 | Sewer    | Killed Pargi
  5933 | Sewer    | Reached skill level 5 in Fighting
  6021 | D:6      | Reached * piety under Makhleb
  7112 | D:6      | Reached skill level 7 in Spellcasting
  7280 | D:6      | Found a broken altar of Ashenzari.
  7499 | D:7      | Reached ** piety under Makhleb
  7702 | D:7      | Found Locifyox's Jewellery Boutique.
  7853 | D:7      | Identified the +4 chain mail "Ygazouc" {-Cast rElec Will+}
  8284 | D:7      | Found a shadowy altar of Dithmenos.
  8712 | D:8      | Reached skill level 5 in Shields
  8798 | D:8      | Reached skill level 5 in Dodging
  8798 | D:8      | Reached XP level 10. HP: 69/73 MP: 0/0
  9201 | D:8      | Found a shimmering altar of Xom.
  9271 | D:8      | Reached skill level 1 in Invocations
  9271 | D:8      | Reached skill level 1 in Evocations
  9879 | D:8      | Found a staircase to the Lair.
 10166 | D:8      | Found a stormy altar of Qazlal.
 10166 | D:8      | Found an opulent altar of Gozag.
 10619 | D:8      | Reached *** piety under Makhleb
 10880 | D:9      | Noticed kSektR's ghost (journeyman TrBe)
 10988 | D:9      | Noticed Gastronok
 11124 | Lair:1   | Entered Level 1 of the Lair of Beasts
 11138 | Lair:1   | Noticed a komodo dragon
 11359 | D:9      | Reached skill level 8 in Spellcasting
 11422 | D:10     | Entered Level 10 of the Dungeon
 11810 | D:9      | Found a transporter.
 11837 | D:9      | Found a transporter.
 11978 | D:9      | Killed from afar by Gastronok

Illustrated notes

Levels and vault maps discovered:
D:1:      nicolae_arrival_washed_ashore, layout_basic,
          hellmonk_ecumenical_altar_dog_temple
D:2:      layout_rooms, basic_altar, uniq_terence, uniq_jessica
D:3:      layout_rooms, mainiacjoe_overflow_boulevard,
          nicolae_ru_the_path_less_chosen
D:4:      layout_rooms, tso_metal_star, bloody_makhleb, serial_undead,
          serial_undead_c, serial_undead_b, serial_undead_c, serial_undead_a
D:5:      layout_basic, mainiacjoe_overflow_small_starburst,
          lemuel_coloured_pillars_altar, mainiacjoe_overflow_catwalk,
          minmay_temple_entry_glass, serial_shops, nicolae_shop_hallway_stairs,
          roderic_roman_lattice, grunt_decor_arrowhead
D:6:      layout_gridville, amcnicky_altar_gilded, kennysheep_mini,
          ebering_ghost_rock_garden, portal_sewer_entry_a, minmay_checkerbox
D:7:      layout_basic, kennysheep_little_box, serial_shops, shop
D:8:      layout_basic, chequers_temple_overflow_statue_of_worship,
          xom_teletrap_fun, grunt_lair_entry_orc_guard_hut, minmay_circle_x
D:9:      layout_basic, gammafunk_ghost_stat_death, uniq_gastronok
D:10:     lemuel_reptile_caves, layout_cave_pools, serial_park,
          serial_park_square3 [serial_park_minivault_5x5_5], serial_park_tiny_1,
          serial_park_gazebo [serial_park_minivault_5x5_4],
          serial_park_tiny_pond, serial_park_tiny_pond,
          minmay_increasing_density
Temple:   hellmonk_temple_two_chambers
Lair:1:   layout_roguey, gauntlet_entry_generic, grunt_megastairs_5,
          infiniplex_staircase_pool_2, uniq_grum, uniq_harold

Skill      XL: |  1  2  3  4  5  6  7  8  9 10 |
---------------+-------------------------------+-----
Fighting       | 1 2 3 4 6 7 |  7.6
Spellcasting   | 3 4 5 6 7 8 |  8.1
Dodging        | 3 4 5 |  5.9
Shields        | 1 3 5 |  5.0
Invocations    | 3 |  3.2
Evocations     | 3 |  3.1
Short Blades   | |  0.7
Stealth        | |  1.8

Action                     |  1- 3 |  4- 6 |  7- 9 | 10-12 || total
---------------------------+-------+-------+-------+-------++-------
  Melee: Dagger            |    23 |    16 |    34 |    22 ||    95
   Cast: Foxfire           |    53 |    98 |   114 |    29 ||   294
         Magic Dart        |     2 |     3 |     4 |     1 ||    10
         Scorch            |     1 |     1 |     2 |       ||     4
         Volatile Blastmot |       |     8 |    29 |    41 ||    78
         Ensorcelled Hiber |       |     3 |    14 |     4 ||    21
         Flame Wave        |       |       |    21 |     8 ||    29
         Summon Guardian G |       |       |    12 |    23 ||    35
         Portal Projectile |       |       |     1 |       ||     1
    Use: Potion            |       |     3 |       |       ||     3
         Scroll            |       |     5 |     9 |     9 ||    23
   Stab: Sleeping          |     1 |     6 |     4 |     1 ||    12
         Distracted        |       |       |     1 |       ||     1
 Armour: Robe              |    18 |     6 |     7 |    10 ||    41
  Dodge: Dodged            |    42 |    32 |    90 |    64 ||   228
  Block: Buckler           |       |       |       |    20 ||    20
